 Dungeon Crawl Stone Soup version 0.21.1-1-g345015f (webtiles) character file.

93 Monsterracer the Insei (level 4, 0/26 HPs)
             Began as a Tengu Transmuter on July 8, 2018.
             Succumbed to an adder's poison
             ... on level 3 of the Dungeon.
             The game lasted 00:04:50 (2126 turns).

Monsterracer the Insei (Tengu Transmuter)           Turns: 2126, Time: 00:04:51

Health: 0/26       AC:  6    Str: 10    XL:     4   Next: 62%
Magic:  6/8        EV: 13    Int: 14    God:
Gold:   155        SH:  0    Dex: 15    Spells: 2/7 levels left

rFire    . . .     SeeInvis .     - Unarmed
rCold    . . .     Gourm    .   (no shield)
rNeg     . . .     Faith    .   b - +1 robe
rPois    .         Spirit   .   (helmet restricted)
rElec    .         Reflect  .   (no cloak)
rCorr    .         Harm     .   (no gloves)
MR       .....                  (boots unavailable)
Stlth    +.........             l - amulet of magic regeneration
HPRegen  0.08/turn              g - +3 ring of protection
MPRegen  0.36/turn              (no ring)

@: lethally poisoned (0 -> -12), hasted, very quick
A: beak, talons 3
a: no special abilities


You were on level 3 of the Dungeon.
You were hungry.

You visited 1 branch of the dungeon, and saw 3 of its levels.

You collected 155 gold pieces.

Inventory:

Missiles
 a - 67 arrows
Armour
 b - a +1 robe (worn)
Jewellery
 g - a +3 ring of protection (left hand)
 l - an amulet of magic regeneration (around neck)
Scrolls
 e - a scroll of remove curse
Potions
 o - a potion of flight
Books
 d - a book of Changes

   Spells                             Type                      Level
   a - Beastly Appendage              Transmutation                1
   b - Sticks to Snakes               Transmutation                2
   c - Spider Form                    Transmutation/Poison         3
   d - Ice Form                       Ice/Transmutation            4
   e - Blade Hands                    Transmutation                5
Comestibles
 c - a ration


   Skills:
 + Level 2.1 Fighting
 - Level 2.1 Dodging
 * Level 4.7 Unarmed Combat
 - Level 2.0 Spellcasting
 + Level 2.3 Transmutations


You had 2 spell levels left.
You knew the following spells:

 Your Spells              Type           Power        Failure   Level  Hunger
b - Sticks to Snakes      Tmut           #.......     14%         2    ###....
c - Spider Form           Tmut/Pois      #.........   41%         3    ####...


Dungeon Overview and Level Annotations

Branches:
Dungeon (3/15)

Altars:

Portals:
Sewer: D:3


Innate Abilities, Weirdness & Mutations

You have a beak for a mouth.
You have claws for feet.


Message History

Your ball python misses the adder. x2; Your ball python grabs the adder.
Your ball python constricts the adder.
You miss the adder. The adder bites your ball python.
Your ball python is poisoned.
The adder poisons your ball python!
Your ball python barely misses the adder.
Your ball python completely misses the adder.
Your ball python barely misses the adder.
Your ball python constricts the adder.
You hit the adder.
The adder is moderately wounded.
You feel sick. The adder bites your ball python.
Your ball python dies!
Your ball python barely misses the adder.
Your ball python constricts the adder.
The giant cockroach waves its antennae.
You take 1 damage, and have 20/26 hp.
Casting: Sticks to Snakes
Confirm with . or Enter, or press ? or * to list all spells.
You create a snake!
You now have 68 arrows.
The adder barely misses your ball python.
Your ball python bites the adder.
Your ball python constricts the adder.
The adder completely misses you. The adder bites your ball python.
Your ball python dies!
You now have 3/8 mp.
Casting: Sticks to Snakes
Confirm with . or Enter, or press ? or * to list all spells.
You create a snake!
You now have 67 arrows.
Your ball python bites the adder.
Your ball python constricts the adder.
The adder barely misses you.
The adder struggles to escape constriction.
You now have 2/8 mp.
You closely miss the adder. Your kick misses the adder.
The adder is lightly wounded.
Your ball python barely misses the adder.
Your ball python constricts the adder.
The adder misses you. The adder bites you but does no damage.
The adder struggles to escape constriction.
Your adder misses the adder.
Your ball python bites the adder.
Your ball python constricts the adder.
The adder barely misses you.
You hit the adder but do no damage. You peck the adder, but do no damage.
The adder is lightly wounded.
You feel sick. The adder bites you.
You are more poisoned.
The adder poisons you! The adder bites your ball python.
Your ball python dies!
Your adder closely misses the adder.
The adder barely misses you. x2
You take 4 damage, and have 17/26 hp.
The adder hisses angrily.
You punch the adder! Your kick misses the adder.
The adder is almost dead.
Your adder barely misses the adder.
The adder barely misses you. x2
You hit the adder but do no damage. You claw the adder, but do no damage.
The adder is almost dead.
You feel sick.
Your adder closely misses the adder.
The adder bites you.
* * * LOW HITPOINT WARNING * * *
You are lethally poisoned!
The adder poisons you! The adder bites you but does no damage.
Your adder barely misses the adder.
You take 6 damage, and have 11/26 hp.
MASSIVE DAMAGE!!
You miss the adder. Your kick misses the adder. Your peck misses the adder.
The adder is almost dead.
The adder closely misses you. The adder bites you but does no damage.
Your adder barely misses the adder.
Unknown command.
You hit the adder.
You kill the adder!
* * * LOW HITPOINT WARNING * * *
You feel sick. The adder bites you.
* * * LOW HITPOINT WARNING * * *
The adder barely misses you.
You take 3 damage, and have 8/26 hp.
Unknown command.
You swap places.
* * * LOW HITPOINT WARNING * * *
You feel sick.
Your adder barely misses the adder.
The adder bites you.
* * * LOW HITPOINT WARNING * * *
You are more poisoned.
The adder poisons you!
You take 2 damage, and have 6/26 hp.
* * * LOW HITPOINT WARNING * * *
You feel sick.
Your adder misses the adder.
Your adder bites the adder.
The adder is poisoned.
Your adder poisons the adder!
You take 1 damage, and have 5/26 hp.
Unknown command.
You feel yourself speed up.
* * * LOW HITPOINT WARNING * * *
You feel sick. The adder bites you but does no damage.
The giant cockroach bites your adder but does no damage.
Your adder completely misses the adder.
You take 2 damage, and have 3/26 hp.
Unknown command.
Your adder bites the giant cockroach.
The giant cockroach dies!
* * * LOW HITPOINT WARNING * * *
You feel sick.
You take 1 damage, and have 2/26 hp.
* * * LOW HITPOINT WARNING * * *
You feel sick. The adder closely misses your adder.
You take 1 damage, and have 1/26 hp.
You die...

...........# #.##.##*.#,,,,,,*
...........# ####.##..##.#,,,,>>*
.....##.#### #...........#***,***
#..<#*#.# #..#######.## *,,,*
##.#* #.# #..#≈≈≈≈≈#.# **,,* *##*
*#+#* #..#≈≈∩≈≈'.# ****,**
**,,,** #.)#≈≈≈≈≈#s# *,,,,,>
**,,,,,** #..#######.# *,**,**
**,,,,,,,**#..@.S.S.S.# *,**,,*
***,,,,,,,,,*#.#....#####**,**,,,
,,+,,,,,,,,,............,,,,,,,,,
***,,,,,,,..##.#...#####***,**,,,
**,,,,,..**#.##.## *,**,,*
**,,,,.,* #,*#.# *,**,** **,,,*,*
*,,#.# *,,,,,, *******+**,*
**,#.# ****,**
,,,,,**,**,****,*,* *,*


You could see 2 adders, a giant cockroach and a friendly adder.

Vanquished Creatures
  A hound skeleton (D:2)
  3 adders
  A dart slug (D:1)
  5 giant cockroaches
  6 hobgoblins
  A ball python (D:1)
  6 bats
  3 frilled lizards
  5 goblins (D:1)
  8 kobolds
  17 rats
56 creatures vanquished.

Vanquished Creatures (collateral kills)
  A giant cockroach (D:3)
1 creature vanquished.

Grand Total: 57 creatures vanquished

Notes
Turn   | Place    | Note
-------+----------+-------------------------------------------
     0 | D:1      | Monsterracer the Tengu Transmuter began the quest for the Orb.
     0 | D:1      | Reached XP level 1. HP: 12/12 MP: 4/4
   250 | D:1      | Reached XP level 2. HP: 16/16 MP: 4/6
   623 | D:1      | Reached skill level 4 in Unarmed Combat
   623 | D:1      | Reached XP level 3. HP: 17/20 MP: 7/7
   628 | D:1      | Learned a level 2 spell: Sticks to Snakes
   647 | D:1      | Learned a level 3 spell: Spider Form
  1507 | D:2      | Reached XP level 4. HP: 26/26 MP: 8/8
  2017 | D:3      | Found a glowing drain.
  2116 | D:3      | HP: 11/26 [adder (5)]
  2120 | D:3      | HP: 5/26 [poisoned by an adder]
  2123 | D:3      | HP: 2/26 [poisoned by an adder]
  2126 | D:3      | Succumbed to an adder's poison

Skill      XL: |  1  2  3 |
---------------+----------+-----
Unarmed Combat | 4 |  4.7
Transmutations | 2 |  2.3
Fighting       | 2 |  2.1
Dodging        | |  2.1
Spellcasting   | |  2.0

Action                   |  1- 3 |  4- 6 || total
-------------------------+-------+-------++-------
Melee: Unarmed           |    96 |    33 ||   129
       Kick              |    20 |     8 ||    28
       Peck              |     9 |     2 ||    11
       Headbutt          |     6 |       ||     6
       Punch             |     1 |       ||     1
 Cast: Beastly Appendage |     8 |     2 ||    10
       Sticks to Snakes  |       |     7 ||     7
  Use: Scroll            |       |     9 ||     9
       Potion            |       |     1 ||     1
 Stab: Sleeping          |     2 |     2 ||     4
  Eat: Chunk             |     1 |     3 ||     4
Armor: Robe              |    23 |    13 ||    36
Dodge: Dodged            |    58 |    30 ||    88

Vault maps used:
D:1:      dpeg_arrival_triangle_fractal
D:2:      minmay_rat_gold_closets
D:3:      overflow_temple_1_default, gup_sewer_entry_glass, nrook_uturn
